| TOP OF THE 1ST |
|
Great Falls Voyagers batting - Pitching for Elizabethton Twins : RHP Jose Zavala
|
|
Pitching: RHP Jose Zavala
|
|
|
Batting: RHB Andy Cotton
|
0-0: Ball 1-0: Called Strike 1-1: Foul Ball, location: 2F 1-2: SOLO HOME RUN (Flyball, 7D, EV 98.8 MPH), Distance : 389 ft
|
|
Batting: RHB Enrique Gomez
|
0-0: SINGLE (Flyball, 4D, EV 89.4 MPH)
|
|
Batting: RHB Russ Cornett
|
0-0: SINGLE (Groundball, 25, EV 70.0 MPH) (infield hit) Enrique Gomez to second
|
|
Batting: RHB Billy Grubbs
|
0-0: Ball 1-0: Fly out, F7 (Flyball, 78S, EV 83.1 MPH)
|
|
Batting: RHB Mitch Cuadros
|
0-0: Ball 1-0: Called Strike 1-1: Ball 2-1: Ball 3-1: Foul Ball, location: 2F 3-2: Base on Balls Enrique Gomez to third Russ Cornett to second
|
|
Batting: RHB Jake Feinstein
|
0-0: Ball 1-0: Foul Ball, location: 2F 1-1: Swinging Strike 1-2: Strikes out swinging
|
|
Batting: RHB Brad Adams Jr.
|
0-0: Called Strike 0-1: Ball 1-1: Foul Ball, location: 5F, Error on foul ball, E5 1-2: Ball 2-2: Ball 3-2: Base on Balls Enrique Gomez scores Russ Cornett to third Mitch Cuadros to second
|
|
Batting: RHB Joselito Santos
|
0-0: Called Strike 0-1: Ball 1-1: Ball 2-1: Foul Ball, location: 2F 2-2: SINGLE (Groundball, 6MD, EV 106.2 MPH) Russ Cornett scores Mitch Cuadros to third Brad Adams Jr. to second
|
|
Batting: RHB Dave Dominguez
|
0-0: Foul Ball, location: 2F 0-1: Fly out, F7 (Flyball, 7LSF, EV 90.6 MPH)
|
| Top of the 1st over - 3 runs, 4 hits, 1 error, 3 left on base; Great Falls 3 - Elizabethton 0 |
| BOTTOM OF THE 1ST |
|
Elizabethton Twins batting - Pitching for Great Falls Voyagers : RHP Juan Reyes
|
|
Pitching: RHP Juan Reyes
|
|
|
Batting: RHB Nestor Moreno
|
0-0: Ball 1-0: Foul Ball, location: 2F 1-1: Swinging Strike 1-2: Ball 2-2: Foul Ball, location: 2F 2-2: Ball 3-2: Base on Balls
|
|
Batting: RHB David McDonald
|
0-0: Ball Nestor Moreno steals 2nd base 1-0: Ball 2-0: Called Strike 2-1: Foul Ball, location: 2F 2-2: Ball Passed Ball! Nestor Moreno to third 3-2: Base on Balls
|
|
Batting: LHB Ryuuichi Shintani
|
0-0: Ball 1-0: Foul Ball, location: 2F 1-1: Ball 2-1: Foul Ball, location: 2F 2-2: 3-RUN HOME RUN (Flyball, 9D, EV 98.8 MPH), Distance : 392 ft
|
|
Batting: LHB Bill Lorimer
|
0-0: Ball 1-0: Ball 2-0: Ball 3-0: Base on Balls
|
|
Batting: RHB Sergio Gomez
|
0-0: Ball 1-0: Foul Ball, location: 2F 1-1: Ball 2-1: Called Strike 2-2: Foul Ball, location: 2F 2-2: Ball 3-2: Foul Ball, location: 2F 3-2: Fielders Choice at 2nd, 6-4 (Groundball, 6, EV 111.2 MPH)
|
|
Batting: RHB Calvin Day
|
0-0: DOUBLE (Flyball, 89XD, EV 108.1 MPH) Sergio Gomez to third
|
|
Batting: RHB Hisao Takei
|
0-0: Called Strike 0-1: Ball Wild Pitch! Sergio Gomez scores Calvin Day to third 1-1: Foul Ball, location: 2F 1-2: Ball 2-2: Foul Ball, location: 2F 2-2: Ball 3-2: Reached on error, E6 (Groundball, 6M, EV 85.0 MPH) Calvin Day scores
|
|
Batting: RHB Ned Scovell
|
0-0: Ground out 6-3 (Groundball, 6, EV 81.9 MPH)
|
|
Batting: RHB Braydon Garland
|
0-0: Ball 1-0: Swinging Strike 1-1: Ground out 5-3 (Groundball, 5S, EV 64.4 MPH)
|
| Bottom of the 1st over - 5 runs, 2 hits, 1 error, 1 left on base; Great Falls 3 - Elizabethton 5 |
| TOP OF THE 2ND |
|
Great Falls Voyagers batting - Pitching for Elizabethton Twins : RHP Jose Zavala
|
|
Batting: RHB Andy Cotton
|
0-0: Ball 1-0: Ball 2-0: Swinging Strike 2-1: SINGLE (Line Drive, 34D, EV 98.1 MPH)
|
|
Batting: RHB Enrique Gomez
|
0-0: Called Strike 0-1: Called Strike 0-2: Ball 1-2: Fly out, F6 (Popup, 6, EV 70.0 MPH)
|
|
Batting: RHB Russ Cornett
|
0-0: Foul Ball, location: 2F 0-1: Swinging Strike 0-2: Ball 1-2: Ball 2-2: Foul Ball, location: 2F 2-2: Ball 3-2: Foul Ball, location: 2F 3-2: Ground out 6-3 (Groundball, 6, EV 100.6 MPH) Andy Cotton to second
|
|
Batting: RHB Billy Grubbs
|
0-0: Called Strike 0-1: DOUBLE (Line Drive, 3D, EV 101.9 MPH) Andy Cotton scores
|
|
Batting: RHB Mitch Cuadros
|
0-0: Swinging Strike 0-1: Swinging Strike 0-2: Ground out 6-3 (Groundball, 6MS, EV 77.5 MPH)
|
| Top of the 2nd over - 1 run, 2 hits, 0 errors, 1 left on base; Great Falls 4 - Elizabethton 5 |
| BOTTOM OF THE 2ND |
|
Elizabethton Twins batting - Pitching for Great Falls Voyagers : RHP Juan Reyes
|
|
Batting: RHB Nestor Moreno
|
0-0: Ball 1-0: Ball 2-0: Called Strike 2-1: Called Strike 2-2: Ball 3-2: Base on Balls
|
|
Batting: RHB David McDonald
|
0-0: Ball Nestor Moreno steals 2nd base (no throw) 1-0: DOUBLE (Line Drive, 78M, EV 100.0 MPH) Nestor Moreno scores
|
|
Pitching: LHP Craig Courcha
|
|
|
Batting: LHB Ryuuichi Shintani
|
0-0: Called Strike 0-1: Fly out, F9 (Flyball, 89XD, EV 96.9 MPH) Runner from 2nd tags up, SAFE at 3rd, no throw by RF
|
|
Batting: LHB Bill Lorimer
|
0-0: Foul Ball, location: 2F 0-1: Foul Ball, location: 2F 0-2: Ball 1-2: Foul Ball, location: 2F 1-2: Fly out, F8 (Flyball, 8RXD, EV 86.2 MPH) Runner from 3rd tags up, SCORES, no throw by CF
|
|
Batting: RHB Sergio Gomez
|
0-0: Called Strike 0-1: Called Strike 0-2: Foul Ball, location: 2F 0-2: Ball 1-2: SOLO HOME RUN (Flyball, 78XD, EV 101.2 MPH), Distance : 392 ft
|
|
Batting: RHB Calvin Day
|
0-0: Swinging Strike 0-1: Foul Ball, location: 2F 0-2: Fly out, F8 (Flyball, 8LD, EV 106.9 MPH)
|
| Bottom of the 2nd over - 3 runs, 2 hits, 0 errors, 0 left on base; Great Falls 4 - Elizabethton 8 |
| TOP OF THE 3RD |
|
Great Falls Voyagers batting - Pitching for Elizabethton Twins : RHP Jose Zavala
|
|
Batting: RHB Jake Feinstein
|
0-0: Swinging Strike 0-1: Ball 1-1: Ball 2-1: Ball 3-1: Foul Ball, location: 2F 3-2: Base on Balls
|
|
Batting: RHB Brad Adams Jr.
|
0-0: Ball 1-0: Swinging Strike 1-1: Ball 2-1: TRIPLE (Flyball, 9D, EV 105.6 MPH) Jake Feinstein scores
|
|
Pitching: LHP Adam Devine
|
|
|
Batting: RHB Joselito Santos
|
0-0: Ball 1-0: Called Strike 1-1: Ball 2-1: Called Strike 2-2: Foul Ball, location: 2F 2-2: Foul Ball, location: 2F 2-2: Reached on error, E5 (Groundball, 5, EV 85.0 MPH) Brad Adams Jr. scores
|
|
Batting: RHB Dave Dominguez
|
0-0: Called Strike 0-1: Called Strike 0-2: Ball 1-2: Strikes out swinging
|
|
Batting: RHB Andy Cotton
|
0-0: Called Strike 0-1: Swinging Strike 0-2: Strikes out swinging
|
|
Batting: RHB Enrique Gomez
|
0-0: Ball 1-0: Called Strike 1-1: Ground out 1-3 (Groundball, 13S, EV 67.5 MPH)
|
| Top of the 3rd over - 2 runs, 1 hit, 1 error, 1 left on base; Great Falls 6 - Elizabethton 8 |
| BOTTOM OF THE 3RD |
|
Elizabethton Twins batting - Pitching for Great Falls Voyagers : LHP Craig Courcha
|
|
Batting: RHB Hisao Takei
|
0-0: Called Strike 0-1: Ball 1-1: Swinging Strike 1-2: Strikes out swinging
|
|
Batting: RHB Ned Scovell
|
0-0: Ball 1-0: Ground out 3-1 (Groundball, 34S, EV 85.6 MPH)
|
|
Batting: RHB Braydon Garland
|
0-0: Called Strike 0-1: Swinging Strike 0-2: Strikes out swinging
|
| Bottom of the 3rd over - 0 runs, 0 hits, 0 errors, 0 left on base; Great Falls 6 - Elizabethton 8 |
| TOP OF THE 4TH |
|
Great Falls Voyagers batting - Pitching for Elizabethton Twins : LHP Adam Devine
|
|
Batting: RHB Russ Cornett
|
0-0: Foul Ball, location: 2F 0-1: Ball 1-1: Ball 2-1: Ground out 5-3 (Groundball, 5S, EV 83.1 MPH)
|
|
Batting: RHB Billy Grubbs
|
0-0: Foul Ball, location: 2F 0-1: Ball 1-1: Ball 2-1: Ball 3-1: Foul Ball, location: 2F 3-2: Ground out 5-3 (Groundball, 5, EV 83.1 MPH)
|
|
Batting: RHB Mitch Cuadros
|
0-0: Ball 1-0: Foul Ball, location: 2F 1-1: Ball 2-1: Foul Ball, location: 2F 2-2: Fly out, F7 (Line Drive, 7S, EV 94.4 MPH)
|
| Top of the 4th over - 0 runs, 0 hits, 0 errors, 0 left on base; Great Falls 6 - Elizabethton 8 |
| BOTTOM OF THE 4TH |
|
Elizabethton Twins batting - Pitching for Great Falls Voyagers : LHP Craig Courcha
|
|
Batting: RHB Nestor Moreno
|
0-0: Ball 1-0: Ball 2-0: Called Strike 2-1: Ball 3-1: Base on Balls
|
|
Batting: RHB David McDonald
|
0-0: Swinging Strike 0-1: Foul Ball, location: 2F 0-2: Strikes out looking
|
|
Batting: LHB Ryuuichi Shintani
|
0-0: Called Strike 0-1: Swinging Strike 0-2: Strikes out swinging
|
|
Batting: LHB Bill Lorimer
|
0-0: Called Strike 0-1: Foul Ball, location: 2F 0-2: Ball 1-2: Ball 2-2: Foul Ball, location: 2F 2-2: Fly out, F8 (Flyball, 78M, EV 96.9 MPH)
|
| Bottom of the 4th over - 0 runs, 0 hits, 0 errors, 1 left on base; Great Falls 6 - Elizabethton 8 |
| TOP OF THE 5TH |
|
Great Falls Voyagers batting - Pitching for Elizabethton Twins : LHP Adam Devine
|
|
Batting: RHB Jake Feinstein
|
0-0: Called Strike 0-1: Ball 1-1: Ball 2-1: Foul Ball, location: 2F 2-2: Foul Ball, location: 2F 2-2: Ball 3-2: Fly out, F8 (Flyball, 8RXD, EV 101.9 MPH)
|
|
Batting: RHB Brad Adams Jr.
|
0-0: Ball 1-0: Fly out, F7 (Flyball, 7D, EV 96.9 MPH)
|
|
Batting: RHB Joselito Santos
|
0-0: Called Strike 0-1: Ball 1-1: Swinging Strike 1-2: Ball 2-2: Ball 3-2: Foul Ball, location: 2F 3-2: Foul Ball, location: 2F 3-2: Foul Ball, location: 2F 3-2: Base on Balls
|
|
Batting: RHB Dave Dominguez
|
0-0: Fly out, F4 (Flyball, 4D, EV 90.0 MPH)
|
| Top of the 5th over - 0 runs, 0 hits, 0 errors, 1 left on base; Great Falls 6 - Elizabethton 8 |
| BOTTOM OF THE 5TH |
|
Elizabethton Twins batting - Pitching for Great Falls Voyagers : LHP Craig Courcha
|
|
Batting: RHB Sergio Gomez
|
0-0: Ball 1-0: DOUBLE (Line Drive, 7LM, EV 100.6 MPH)
|
|
Batting: RHB Calvin Day
|
0-0: Called Strike 0-1: Foul Ball, location: 2F 0-2: Foul Ball, location: 2F 0-2: Ground out 6-3 (Groundball, 6, EV 82.5 MPH)
|
|
Batting: RHB Hisao Takei
|
0-0: Foul Ball, location: 2F 0-1: Ball 1-1: Ball 2-1: Foul Ball, location: 2F 2-2: Ball 3-2: Fly out, F9 (Line Drive, 89M, EV 88.8 MPH)
|
|
Batting: RHB Ned Scovell
|
0-0: SINGLE (Groundball, 6M, EV 104.4 MPH) (infield hit) Sergio Gomez to third
|
|
Batting: RHB Braydon Garland
|
0-0: Ball 1-0: Ball 2-0: Called Strike 2-1: Fielders Choice at 2nd, 6-4 (Groundball, 6, EV 104.4 MPH)
|
| Bottom of the 5th over - 0 runs, 2 hits, 0 errors, 2 left on base; Great Falls 6 - Elizabethton 8 |
| TOP OF THE 6TH |
|
Great Falls Voyagers batting - Pitching for Elizabethton Twins : LHP Adam Devine
|
|
Batting: RHB Andy Cotton
|
0-0: Foul Ball, location: 2F 0-1: Swinging Strike 0-2: Foul Ball, location: 2F 0-2: Ball 1-2: Foul Ball, location: 2F 1-2: Ball 2-2: SINGLE (Flyball, 9S, EV 83.8 MPH)
|
|
Pitching: RHP Takeru Inoue
|
|
|
Batting: RHB Enrique Gomez
|
0-0: Called Strike Andy Cotton steals 2nd base 0-1: Called Strike 0-2: Foul Ball, location: 2F 0-2: Foul Ball, location: 2F 0-2: Foul Ball, location: 2F 0-2: Ball 1-2: Ground out 5-3 (Groundball, 56, EV 88.1 MPH)
|
|
Batting: RHB Russ Cornett
|
0-0: Ball 1-0: Ball 2-0: Called Strike 2-1: Swinging Strike 2-2: Ball 3-2: Base on Balls
|
|
Batting: RHB Billy Grubbs
|
0-0: Called Strike 0-1: Foul Ball, location: 2F 0-2: Strikes out swinging
|
|
Batting: RHB Mitch Cuadros
|
0-0: Ball 1-0: Ball 2-0: Foul Ball, location: 2F 2-1: Fielders Choice at 2nd, 6-4 (Groundball, 6, EV 85.0 MPH)
|
| Top of the 6th over - 0 runs, 1 hit, 0 errors, 2 left on base; Great Falls 6 - Elizabethton 8 |
| BOTTOM OF THE 6TH |
|
Elizabethton Twins batting - Pitching for Great Falls Voyagers : LHP Craig Courcha
|
|
Batting: RHB Nestor Moreno
|
0-0: Swinging Strike 0-1: Foul Ball, location: 2F 0-2: Ball 1-2: SINGLE (Line Drive, 89M, EV 93.1 MPH)
|
|
Pitching: LHP Humberto Carrera
|
|
|
Batting: RHB David McDonald
|
0-0: Called Strike 0-1: Foul Ball, location: 2F 0-2: Ball 1-2: Foul Ball, location: 2F 1-2: Grounds into double play, 6-4-3 (Groundball, 6, EV 106.9 MPH)
|
|
Batting: LHB Ryuuichi Shintani
|
0-0: Ball 1-0: Foul Ball, location: 2F 1-1: Called Strike 1-2: Foul Ball, location: 2F 1-2: Strikes out looking
|
| Bottom of the 6th over - 0 runs, 1 hit, 0 errors, 0 left on base; Great Falls 6 - Elizabethton 8 |
| TOP OF THE 7TH |
|
Great Falls Voyagers batting - Pitching for Elizabethton Twins : RHP Takeru Inoue
|
|
Batting: RHB Jake Feinstein
|
0-0: Foul Ball, location: 2F 0-1: Ball 1-1: Called Strike 1-2: Strikes out looking
|
|
Batting: RHB Brad Adams Jr.
|
0-0: SINGLE (Line Drive, 8RS, EV 93.8 MPH)
|
|
Batting: RHB Joselito Santos
|
0-0: Ball 1-0: Ball 2-0: Ball 3-0: Called Strike 3-1: Base on Balls Brad Adams Jr. to second
|
|
Batting: RHB Dave Dominguez
|
0-0: Called Strike 0-1: Called Strike 0-2: Ball 1-2: Ball 2-2: Foul Ball, location: 2F 2-2: Strikes out swinging
|
|
Pitching: RHP Curtis Melchert
|
|
|
Batting: RHB Andy Cotton
|
0-0: Called Strike 0-1: Foul Ball, location: 2F 0-2: Foul Ball, location: 2F 0-2: Ball Wild Pitch! Brad Adams Jr. to third Joselito Santos to second 1-2: Ball 2-2: Ball 3-2: Base on Balls
|
|
Batting: RHB Enrique Gomez
|
0-0: Fly out, F3 (Popup, 3DF, EV 56.9 MPH)
|
| Top of the 7th over - 0 runs, 1 hit, 0 errors, 3 left on base; Great Falls 6 - Elizabethton 8 |
| BOTTOM OF THE 7TH |
|
Elizabethton Twins batting - Pitching for Great Falls Voyagers : LHP Humberto Carrera
|
|
Batting: LHB Bill Lorimer
|
0-0: Foul Ball, location: 2F 0-1: Ball 1-1: Foul Ball, location: 2F 1-2: Ball 2-2: Ball 3-2: Ground out 4-3 (Groundball, 4, EV 102.5 MPH)
|
|
Batting: RHB Sergio Gomez
|
0-0: Foul Ball, location: 2F 0-1: Foul Ball, location: 2F 0-2: Ball 1-2: Ball 2-2: Ground out 6-3 (Groundball, 6M, EV 79.4 MPH)
|
|
Batting: RHB Calvin Day
|
0-0: Called Strike 0-1: Ball 1-1: Foul Ball, location: 2F 1-2: Ball 2-2: Ball 3-2: Strikes out swinging
|
| Bottom of the 7th over - 0 runs, 0 hits, 0 errors, 0 left on base; Great Falls 6 - Elizabethton 8 |
| TOP OF THE 8TH |
|
Great Falls Voyagers batting - Pitching for Elizabethton Twins : RHP Curtis Melchert
|
|
Now at 3B: Antonio Santos
|
|
|
Batting: RHB Russ Cornett
|
0-0: Called Strike 0-1: Ball 1-1: Ball 2-1: Foul Ball, location: 2F 2-2: Ball 3-2: Strikes out swinging
|
|
Batting: RHB Billy Grubbs
|
0-0: Called Strike 0-1: Ball 1-1: Foul Ball, location: 2F 1-2: Foul Ball, location: 2F 1-2: Foul Ball, location: 2F 1-2: Foul Ball, location: 2F 1-2: Strikes out swinging
|
|
Batting: RHB Mitch Cuadros
|
0-0: Called Strike 0-1: Fly out, F8 (Flyball, 8RD, EV 89.4 MPH)
|
| Top of the 8th over - 0 runs, 0 hits, 0 errors, 0 left on base; Great Falls 6 - Elizabethton 8 |
| BOTTOM OF THE 8TH |
|
Elizabethton Twins batting - Pitching for Great Falls Voyagers : LHP Humberto Carrera
|
|
Batting: RHB Hisao Takei
|
0-0: Ground out 4-3 (Groundball, 4, EV 101.9 MPH)
|
|
Batting: RHB Ned Scovell
|
0-0: Ball 1-0: Ground out 5-3 (Groundball, 56S, EV 80.6 MPH)
|
|
Batting: RHB Braydon Garland
|
0-0: Called Strike 0-1: Hit by Pitch
|
|
Batting: RHB Nestor Moreno
|
0-0: Called Strike 0-1: Ball 1-1: Ball 2-1: Ball 3-1: Swinging Strike 3-2: Base on Balls Braydon Garland to second
|
|
Pitching: RHP Bin Li
|
|
|
Batting: RHB David McDonald
|
0-0: Swinging Strike 0-1: Ground out 4-3 (Groundball, 4, EV 81.2 MPH)
|
| Bottom of the 8th over - 0 runs, 0 hits, 0 errors, 2 left on base; Great Falls 6 - Elizabethton 8 |
| TOP OF THE 9TH |
|
Great Falls Voyagers batting - Pitching for Elizabethton Twins : RHP Curtis Melchert
|
|
Pitching: RHP Ron Didkowsky
|
|
|
Batting: RHB Jake Feinstein
|
0-0: Ball 1-0: Called Strike 1-1: Ball 2-1: Ball 3-1: Swinging Strike 3-2: Foul Ball, location: 2F 3-2: Strikes out swinging
|
|
Batting: RHB Brad Adams Jr.
|
0-0: Ball 1-0: Foul Ball, location: 2F 1-1: Ball 2-1: Foul Ball, location: 2F 2-2: Ball 3-2: Base on Balls
|
|
Batting: RHB Joselito Santos
|
0-0: Ball 1-0: Swinging Strike 1-1: Ball Wild Pitch! Brad Adams Jr. to second 2-1: Ball 3-1: Ground out 5-3 (Groundball, 56, EV 81.9 MPH)
|
|
Pinch Hitting: RHB Francisco Marin
|
0-0: Foul Ball, location: 2F 0-1: Foul Ball, location: 2F 0-2: Foul Ball, location: 2F 0-2: Foul Ball, location: 2F 0-2: Ball 1-2: Strikes out swinging
|
| Top of the 9th over - 0 runs, 0 hits, 0 errors, 1 left on base; Great Falls 6 - Elizabethton 8 |
|